 Dungeon Crawl Stone Soup version 0.27-a0-1149-g4505690ab0 (webtiles) character file.

Game seed: 3066629871541554595

424 chippings the Twirler (level 6, -2/48 HPs)
             Began as a Mummy Gladiator on May 13, 2021.
             Was an Initiate of Okawaru.
             Slain by a black bear (5 damage)
             ... on level 4 of the Dungeon.
             The game lasted 00:09:44 (3944 turns).

chippings the Twirler (Mummy Gladiator)             Turns: 3944, Time: 00:09:46

Health: -2/48      AC: 11    Str: 24    XL:     6   Next: 64%
Magic:  8/8        EV:  7    Int:  9    God:    Okawaru [......]
Gold:   154        SH:  0    Dex: 13    Spells: 7/8 levels left

rFire    x . .     SeeInvis .   a - +0 quarterstaff
rCold    + . .     Faith    .   (shield currently unavailable)
rNeg     + + +     Spirit   .   n - +0 plate armour
rPois    ∞         Reflect  .   c - +0 helmet
rElec    .         Harm     .   (no cloak)
rCorr    .         Rampage  .   (no gloves)
Will     .....                  (no boots)
Stlth    ..........             (no amulet)
HPRegen  0.16/turn              e - +6 ring of strength
MPRegen  0.11/turn              (no ring)

@: no status effects
A: cold resistance 1, negative energy resistance 3, torment resistance 2, heat
vulnerability 1, no potions
a: Renounce Religion


You were on level 4 of the Dungeon.
You worshipped Okawaru.
Okawaru was noncommittal.
You visited 1 branch of the dungeon, and saw 4 of its levels.

You collected 154 gold pieces.

Inventory:

Hand Weapons
 a - a +0 quarterstaff (weapon)
 s - a +0 longbow
Missiles
 d - 3 throwing nets (quivered)
 i - 25 arrows
 o - 3 curare-tipped darts
Armour
 c - a +0 helmet (worn)
 n - a +0 plate armour (worn)
 p - a +0 leather armour of fire resistance
Magical Staves
 m - a staff of conjuration
Jewellery
 e - a +6 ring of strength (left hand)
 h - a ring of ice
Scrolls
 b - 2 scrolls of vulnerability {unknown}
 f - a scroll of teleportation {unknown}
 g - 4 scrolls of identify {unknown}
 j - 2 scrolls of noise {unknown}
 k - a scroll of enchant weapon {unknown}
 l - a scroll of magic mapping {unknown}


   Skills:
 + Level 4.1 Fighting
 + Level 5.0 Staves
 * Level 1.2 Bows
 - Level 1.5 Throwing
 - Level 2.4 Dodging
 - Level 1.5 Spellcasting


You had 7 spell levels left.
You knew the following spells:

 Your Spells              Type           Power      Damage    Failure   Level
a - Animate Skeleton      Necr           0%         N/A       100%        1

Your spell library contained the following spells:

 Spells                   Type           Power      Damage    Failure   Level
 Apportation              Tloc           0%         N/A       100%        1
 Corona                   Hex            0%         N/A       100%        1
 Sandblast                Erth           0%         2d4       100%        1
 Summon Small Mammal      Summ           0%         N/A       100%        1
 Passwall                 Tmut/Erth      0%         N/A       100%        2
 Stone Arrow              Conj/Erth      0%         3d7       100%        3
 Petrify                  Tmut/Erth      0%         N/A       100%        4
 Lee's Rapid Deconstruct  Erth           0%         3d5*      100%        5


Dungeon Overview and Level Annotations

Branches:
Dungeon (4/15)
 Temple: D:4-7

Altars:
Gozag
Hepliaklqana
Okawaru
Yredelemnul

Shops:
D:2 [

Annotations:
D:3 2 runed translucent doors, Crazy Yiuf


Innate Abilities, Weirdness & Mutations

You are immune to poison.
Your flesh is cold resistant. (rC+)
You are immune to negative energy. (rN+++)
You are immune to unholy pain and torment.
You are vulnerable to heat. (rF-)
You do not drink.


Message History

You closely miss the black bear.
The black bear is heavily wounded.
The black bear bites you.
The black bear claws you but does no damage. x2
You hit the black bear.
The black bear is heavily wounded.
The black bear bites you.
The black bear claws you but does no damage.
The black bear claws you.
Your plate armour prevents you from hitting the black bear.
The black bear is heavily wounded.
The black bear barely misses you.
The black bear claws you but does no damage.
The black bear barely misses you.
You sock the black bear!
The black bear is severely wounded.
The black bear closely misses you.
The black bear claws you but does no damage. x2
You barely miss the black bear.
The black bear is severely wounded.
The black bear goes berserk!
You barely miss the black bear.
The black bear is severely wounded.
The black bear bites you! The black bear claws you. x2
You closely miss the black bear.
The black bear is severely wounded.
The black bear bites you. The black bear claws you.
* * * LOW HITPOINT WARNING * * *
The black bear claws you but does no damage.
The black bear bites you.
* * * LOW HITPOINT WARNING * * *
The black bear closely misses you. The black bear barely misses you.
Okay, then.
You barely miss the black bear.
The black bear is severely wounded.
The black bear bites you!
* * * LOW HITPOINT WARNING * * *
The black bear claws you but does no damage.
The black bear claws you.
You die...

.......... ..
#...........#
.#....####
#.##.#............
.###### ##.#
#.###.###.### .#
#... #†# #.# # ##
#..# #.# #.#
#..####.# #.#
#.......# #.# #
#...###### .# #
#.@........ #
#.h..###### #
#....# # #....#
#.(..# #....#
#....# #.(..#


You could see a black bear (berserk).

Vanquished Creatures
  A necrophage (D:3)
  A kobold brigand (D:3)
  Blork the orc (D:4)
  An orc priest (D:4)
  A human zombie (D:3)
  A human skeleton (D:3)
  An adder (D:3)
  4 worms
  4 dart slugs
  6 orcs
  9 endoplasms
  5 goblins
  9 hobgoblins
  4 jackals (D:1)
  2 quokkas (D:1)
  9 ball pythons
  4 bats
  2 frilled lizards (D:1)
  A goblin skeleton (D:3)
  14 kobolds
  6 rats
86 creatures vanquished.

Notes
Turn   | Place    | Note
-------+----------+-------------------------------------------
     0 | D:1      | chippings the Mummy Gladiator began the quest for the Orb.
     0 | D:1      | Reached XP level 1. HP: 16/16 MP: 1/1
   187 | D:1      | Reached XP level 2. HP: 17/22 MP: 2/2
   368 | D:1      | Reached skill level 3 in Staves
   717 | D:1      | Reached XP level 3. HP: 27/28 MP: 3/3
  1301 | D:2      | Found a faded altar of an unknown god.
  1570 | D:2      | Learned a level 1 spell: Animate Skeleton
  1611 | D:2      | Found Xots's Antique Armour Shoppe.
  2313 | D:3      | Found a runed translucent door.
  2313 | D:3      | Noticed a human
  2324 | D:3      | Reached skill level 1 in Spellcasting
  2324 | D:3      | Reached XP level 4. HP: 20/34 MP: 3/5
  2590 | D:3      | Found a basalt altar of Yredelemnul.
  2720 | D:3      | Reached skill level 4 in Staves
  2732 | D:3      | Reached XP level 5. HP: 40/41 MP: 7/7
  3027 | D:3      | Found a runed translucent door.
  3028 | D:3      | Noticed Crazy Yiuf
  3051 | D:3      | Noticed a necrophage
  3079 | D:3      | Killed a necrophage
  3080 | D:3      | Reached XP level 6. HP: 42/48 MP: 8/8
  3654 | D:4      | Found an opulent altar of Gozag.
  3655 | D:4      | Found a hazy altar of Hepliaklqana.
  3656 | D:4      | Found an iron altar of Okawaru.
  3676 | D:4      | Became a worshipper of Warmaster Okawaru
  3799 | D:4      | Noticed Blork the orc
  3808 | D:4      | Killed Blork the orc
  3809 | D:4      | Reached skill level 5 in Staves
  3809 | D:4      | Reached skill level 1 in Bows
  3944 | D:4      | Slain by a black bear

Illustrated notes

Levels and vault maps discovered:
D:1:      heliophobic_arrival_glass_houses, layout_rooms,
          minmay_misc_feat_four_crosses
D:2:      layout_basic, serial_shops, nicolae_shop_overgrown_old_shop,
          shapermc_ecumenical_altar_starsandcircs, minmay_statues_item
D:3:      cheibrodos_thug_alley, layout_basic, dk_yredelemnul_ordeal,
          minmay_box_of_dots, uniq_crazy_yiuf_cottage
D:4:      layout_basic, grunt_temple_overflow_open, minmay_ogre_servants,
          uniq_sigmund, uniq_blork_the_orc

Skill      XL: |  1  2  3  4  5  6 |
---------------+-------------------+-----
Staves         | 3 4 5 |  5.0
Spellcasting   | 1 |  1.5
Fighting       | 3 4 |  4.1
Bows           | 1 |  1.2
Throwing       | |  1.5
Dodging        | |  2.4

Action                   |  1- 3 |  4- 6 || total
-------------------------+-------+-------++-------
Melee: Quarterstaff      |   131 |   124 ||   255
 Fire: Longbow           |       |     9 ||     9
 Stab: Sleeping          |     1 |       ||     1
Armor: Leather armour    |    33 |       ||    33
       Ring mail         |    14 |     5 ||    19
       Plate armour      |       |    62 ||    62
Dodge: Dodged            |    93 |    44 ||   137

Table legend: (Time is in decaauts)
 A = Elapsed time spent in this place.
 B = Non-inter-level travel time spent in this place.
 C = Inter-level travel time spent in this place.
 D = Time resting spent in this place.
 E = Time spent auto-exploring this place.
 F = Levels seen in this place.
 G = Mean time per level.
                   A        B        C        D        E       F      G
               +--------+--------+--------+--------+--------+-----+--------+
         Total |   3980 |   3762 |    218 |    263 |   2342 |   4 |  995.0 |
       Dungeon |   3980 |   3762 |    218 |    263 |   2342 |   4 |  995.0 |
               +--------+--------+--------+--------+--------+-----+--------+

Top non-repeatable levels by time:
     D:2: 1250 daAuts
     D:3: 1240 daAuts
     D:1: 1096 daAuts
     D:4: 392 daAuts
